 Dungeon Crawl Stone Soup version 0.22-a0-398-g8bb545f (webtiles) character file.

42 seerdeer the Sneak (level 3, -4/35 HPs)
             Began as a Troll Assassin on May 5, 2018.
             Shot with an arrow by a centaur (9 damage)
             ... on level 2 of the Dungeon.
             The game lasted 00:10:59 (788 turns).

seerdeer the Sneak (Troll Assassin)                  Turns: 788, Time: 00:10:59

Health: -4/35      AC:  6    Str: 19    XL:     3   Next: 33%
Magic:  11/11      EV:  9    Int:  7    God:
Gold:   24         SH:  0    Dex: 12    Spells: 2/2 levels left

rFire    . . .     SeeInvis .   b - +0 blowgun
rCold    . . .     Gourm    +   (no shield)
rNeg     . . .     Faith    .   c - +0 robe
rPois    .         Spirit   .   (helmet restricted)
rElec    .         Reflect  .   d - +0 cloak
rCorr    .         Harm     .   (gloves unavailable)
MR       .....                  (boots unavailable)
Stlth    ++........             t - amulet of magic regeneration
HPRegen  0.51/turn              n - ring of magical power
MPRegen  0.37/turn              (no ring)

@: no status effects
A: large, unfitting armour, claws 3, fast metabolism 3, gourmand, regeneration
1, shaggy fur 1, tough skin 2
a: no special abilities


You were on level 2 of the Dungeon.
You were not hungry.

You visited 1 branch of the dungeon, and saw 2 of its levels.

You collected 24 gold pieces.

Inventory:

Hand Weapons
 a - a +2 dagger
 b - a +0 blowgun (weapon)
 h - a cursed -1 club
 i - a +0 hunting sling
 l - a +0 dagger
 m - a cursed -1 short sword
 o - a +0 club
 r - a cursed -1 short sword
 u - a +0 whip
 y - a cursed -1 dagger
Missiles
 f - a curare-tipped needle (quivered)
 s - 20 sling bullets
 x - 3 tomahawks
Armour
 c - a +0 robe (worn)
 d - a +0 cloak (worn)
 q - a +0 leather armour
Jewellery
 n - a ring of magical power (left claw)
 t - an amulet of magic regeneration (around neck)
Scrolls
 j - 3 scrolls of teleportation
 p - a scroll of enchant armour {unknown}
Potions
 k - 3 potions of curing {unknown}
 v - a potion of invisibility {unknown}
Comestibles
 g - 4 rations
 w - 2 chunks of flesh


   Skills:
 + Level 1.7 Fighting
 + Level 1.9 Short Blades
 + Level 2.3 Throwing
 + Level 0.9 Dodging
 + Level 2.5 Stealth


You had 2 spell levels left.
You didn't know any spells.

Dungeon Overview and Level Annotations

Branches:
Dungeon (2/15)

Altars:
Fedhas
Hepliaklqana
Yredelemnul


Innate Abilities, Weirdness & Mutations

You are too large for most types of armour.
You have claws for hands.
Your metabolism is lightning-fast.
You like to eat raw meat.
Your natural rate of healing is unusually fast.
You are covered in fur. (AC +1)
You have very tough skin. (AC +2)


Message History

You hear an angry hiss.
Firing (i - inventory. (/) - cycle)
e - 2 poisoned needles (quivered)
Press: ? - help, Shift-Dir - straight line, f/p - centaur
Aim: a centaur, wielding a shortbow (poisoned)
You shoot a poisoned needle. The poisoned needle hits the centaur.
The centaur looks even sicker.
The centaur shoots an arrow.
The arrow hits you.
Firing (i - inventory. (/) - cycle)
e - a poisoned needle (quivered)
Press: ? - help, Shift-Dir - straight line, f/p - centaur
Aim: a centaur, wielding a shortbow (lightly wounded, poisoned)
You shoot a poisoned needle. The poisoned needle hits the centaur.
The centaur is lightly wounded.
Firing (i - inventory. (/) - cycle)
f - 2 curare-tipped needles (quivered)
Press: ? - help, Shift-Dir - straight line, f/p - centaur
Aim: a centaur, wielding a shortbow (lightly wounded, poisoned)
You shoot a curare-tipped needle.
The curare-tipped needle closely misses the centaur.
The centaur shoots an arrow.
The arrow hits you!
* * * LOW HITPOINT WARNING * * *
The centaur shoots an arrow.
The arrow hits you!
You die...

############...#
#...# ..
#...#####.# ##
#.........#
#..######.###
#......##...# .#
#..<.#......# .#
#..###.†._..# .#
#....@((.8..# .#
##+####c(_..# .#
.# ... .(...# .#
. .... (...(#
.## .## ....
...(## ..# ..#
..... ....#
..#####.##....
....#
............#
#####
.#.......## #


You could see a centaur.

Vanquished Creatures
  An adder (D:2)
  An ooze (D:1)
  A worm (D:2)
  2 dart slugs (D:1)
  A ball python (D:2)
  2 giant cockroaches (D:2)
  3 goblins
  2 jackals (D:1)
  4 bats (D:2)
  2 frilled lizards
  2 kobolds (D:1)
  A rat (D:1)
22 creatures vanquished.

Notes
Turn   | Place    | Note
-------+----------+-------------------------------------------
     0 | D:1      | seerdeer the Troll Assassin began the quest for the Orb.
     0 | D:1      | Reached XP level 1. HP: 19/19 MP: 0/0
   152 | D:1      | Reached XP level 2. HP: 27/27 MP: 1/1
   524 | D:2      | Reached XP level 3. HP: 35/35 MP: 2/2
   572 | D:2      | Found a faded altar of an unknown god.
   677 | D:2      | Found a blossoming altar of Fedhas.
   770 | D:2      | Found a hazy altar of Hepliaklqana.
   773 | D:2      | Found a basalt altar of Yredelemnul.
   778 | D:2      | Noticed a centaur
   788 | D:2      | Shot with an arrow by a centaur

Vault maps used:
D:1:      lemuel_arrival_broad_hall
D:2:      lemuel_coloured_pillars_altar,
          chequers_temple_overflow_statue_of_worship,
          chequers_ecumenical_altar_simple, fedhas_altar_1

Skill      XL: |  1  2 |
---------------+-------+-----
Throwing       | 2 |  2.3
Fighting       | |  1.7
Short Blades   | |  1.9
Dodging        | |  0.9
Stealth        | |  2.5

Action                   || total
-------------------------++-------
Melee: Dagger            ||    50
 Fire: Blowgun           ||    27
Throw: Tomahawk          ||     8
  Use: Scroll            ||     2
       Potion            ||     1
  Eat: Chunk             ||     2
       Ration            ||     1
Armor: Robe              ||    31
Dodge: Dodged            ||    37

Table legend:
 A = Spawn XP
 B = Non-spawn XP
 C = Spawn XP percentage of total XP
 D = Spawn monster count
 E = Non-spawn monster count
 F = Spawn count percentage of total count
 G = Total turns spent on level
                    A         B        C        D         E        F      G
               +---------+---------+-------+---------+---------+-------+---------
         Total |       0 |      60 |   0.0 |       0 |      22 |   0.0 |   788
               +---------+---------+-------+---------+---------+-------+---------
           D:1 |       0 |      28 |   0.0 |       0 |      11 |   0.0 |   484
           D:2 |       0 |      32 |   0.0 |       0 |      11 |   0.0 |   304
               +---------+---------+-------+---------+---------+-------+---------
